 Dungeon Crawl Stone Soup version 0.31-a0-204-g7da18cac08 (webtiles) character file.

Game seed: 6191519990697372581

1447276 demirab the Slayer (level 27, 176/176 HPs)
             Began as a Kobold Hunter on June 22, 2023.
             Was a High Priest of Hepliaklqana.
             Escaped with the Orb
             ... and 3 runes on June 27, 2023!
             The game lasted 18:06:49 (90781 turns).

demirab the Slayer (Kobold Hunter)                 Turns: 90781, Time: 18:06:50

Health: 176/176    AC: 20    Str:  8    XL:     27
Magic:  43/43      EV: 40    Int: 23    God:    Hepliaklqana [*****.]
Gold:   2120       SH:  0    Dex: 21    Spells: 31/58 levels left

rFire   + . .        d - +9 arbalest (flame)
rCold   + . .        (shield currently unavailable)
rNeg    . . .        B - +3 leather armour {rF+}
rPois   +            E - +2 helmet {Int+3}
rElec   .            j - +2 cloak {rPois}
rCorr   .            P - +2 pair of gloves
SInv    +            l - +3 pair of mountain boots {steadfast, rC+}
Will    ++...        v - amulet of the acrobat
Stlth   +++          L - ring of see invisible
HPRegen 0.49/turn    c - ring of Happiness {EV+5 Int+4 Dex-2 Stlth+}
MPRegen 0.28/turn

%: acrobat
@: studying Hexes
A: reduced essence, small, no large weapons, nightstalker 3, deterioration 1,
dopey 1, weak 1
0: Orb of Zot
}: 3/15 runes: serpentine, barnacled, silver
a: Renounce Religion, Recall Ancestor, Ancestor Identity, Transference, Idealise


You escaped.
You worshipped Hepliaklqana.
Hepliaklqana was extremely pleased with you.
You visited 10 branches of the dungeon, and saw 48 of its levels.
You visited 1 bazaar.
You also visited: Sewer and Ice Cave.

You collected 8355 gold pieces.
You spent 6235 gold pieces at shops.

Inventory:

Hand Weapons
 d - a +9 arbalest of flaming (weapon)
 K - the +6 arbalest "Damnation" {damnation}
   (You found it on level 3 of the Elven Halls)
 X - the +7 Spriggan's Knife {stab, EV+4 Stlth+}
   (You found it on level 3 of the Elven Halls)

   Stab:      It is more effective when stabbing unaware enemies, sometimes
   treating them as though they were completely helpless.
   EV:        It affects your evasion (+4).
   Stlth:     It makes you more stealthy.
Missiles
 z - 2 throwing nets
Armour
 j - a +2 cloak of poison resistance (worn)
 l - the +3 pair of mountain boots (worn) {steadfast, rC+}
   (You found it on level 5 of the Vaults)

   Steadfast: It prevents involuntary movement, except for blinking,
   teleportation, or banishment.
   rC:        It protects you from cold.
 B - a +3 leather armour of fire resistance (worn)
 E - a +2 helmet of intelligence (worn)
 P - a +2 pair of gloves (worn)
 Y - a +2 cloak of willpower
Jewellery
 c - the ring of Happiness (right hand) {EV+5 Int+4 Dex-2 Stlth+}
   (You found it on level 5 of the Vaults)

   [ring of evasion]

   EV:        It affects your evasion (+5).
   Int:       It affects your intelligence (+4).
   Dex:       It affects your dexterity (-2).
   Stlth:     It makes you more stealthy.
 h - the ring of Coxzut {rF+ rN+ AC+4 Dex+3}
   (You took it off an ironbound convoker on level 5 of the Vaults)

   [ring of protection]

   AC:        It affects your AC (+4).
   Dex:       It affects your dexterity (+3).
   rF:        It protects you from fire.
   rN:        It protects you from negative energy.
 r - an amulet of regeneration
 s - an amulet of magic regeneration
 v - an amulet of the acrobat (around neck)
 A - the ring of Ymaf {*Slow rElec rF+ Will+ Str+4}
   (You acquired it on level 5 of the Vaults)

   [ring of protection from fire]

   Str:       It affects your strength (+4).
   rF:        It protects you from fire.
   rElec:     It insulates you from electricity.
   *Slow:     It may slow you when you take damage.
   Will:      It increases your willpower.
 L - a ring of see invisible (left hand)
 R - a ring of flight
Wands
 g - a wand of digging (5)
 x - a wand of mindburst (25)
 G - a wand of iceblast (21)
 T - a wand of acid (20)
Scrolls
 b - a scroll of butterflies
 f - 3 scrolls of summoning
 k - 12 scrolls of fear
 m - 8 scrolls of blinking
 o - 6 scrolls of poison
 q - 5 scrolls of vulnerability
 u - 5 scrolls of fog
 y - 16 scrolls of teleportation
 C - 2 scrolls of silence
 D - a scroll of enchant weapon
 F - a scroll of revelation
 U - 2 scrolls of torment
Potions
 e - 5 potions of magic
 i - 8 potions of curing
 n - 4 potions of ambrosia
 p - 9 potions of enlightenment
 t - 9 potions of heal wounds
 H - 8 potions of brilliance
 J - 3 potions of invisibility
 M - 3 potions of resistance
 N - 7 potions of cancellation
 O - 4 potions of haste
 Q - 8 potions of mutation
Miscellaneous
 a - a tin of tremorstones (inert)
 w - a phial of floods
 I - a box of beasts (inert)
 S - a lightning rod (4/4)
 V - a piece from Xom's chessboard (15/15)
 W - a phantom mirror


   Skills:
 - Level 26.0 Fighting
 - Level 10.0 Short Blades
 - Level 19.0 Ranged Weapons
 - Level 4.0 Armour
 + Level 25.8 Dodging
 - Level 12.0 Stealth
 - Level 16.0 Spellcasting
 - Level 5.0 Hexes
 - Level 12.0 Fire Magic
 - Level 12.0 Air Magic
 - Level 14.0 Invocations
 - Level 18.0 Evocations


You had 31 spell levels left.
You knew the following spells:

 Your Spells              Type           Power      Damage    Failure   Level
a - Passwall              Tmut/Erth      15%        N/A       6%          2
b - Swiftness             Air            65%        N/A       1%          3
c - Inner Flame           Hex/Fire       55%        N/A       1%          3
d - Plasma Beam           Fire/Air       32%        2x1d45    4%          6
e - Ensorcelled Hibernat  Hex/Ice        58%        N/A       2%          2
f - Summon Lightning Spi  Summ/Air       46%        N/A       3%          4
g - Slow                  Hex            100%       N/A       1%          1
h - Blink                 Tloc           36%        N/A       6%          2
i - Call Imp              Summ           36%        N/A       6%          2
j - Lesser Beckoning      Tloc           36%        N/A       6%          2

Your spell library contained the following spells:

 Spells                   Type           Power      Damage    Failure   Level
 Foxfire                  Conj/Fire      100%       2x1d9     1%          1
 Shock                    Conj/Air       100%       1d9       1%          1
 Cigotuvi's Dreadful Rot  Necr/Pois/Air  72%        N/A       1%          2
 Poisonous Vapours        Pois/Air       92%        N/A       1%          2
 Scorch                   Fire           100%       2d9       1%          2
 Static Discharge         Conj/Air       92%        2-6/arc   1%          2
 Confusing Touch          Hex            41%        N/A       1%          3
 Vhi's Electric Charge    Tloc/Air       92%        N/A       1%          3
 Airstrike                Air            32%        2d(5-21)  1%          4
 Ignite Poison            Fire/Tmut/Pois 36%        N/A       2%          3
 Mephitic Cloud           Conj/Pois/Air  36%        N/A       2%          3
 Flame Wave               Conj/Fire      46%        2d12      3%          4
 Sticky Flame             Conj/Fire      46%        2d6       3%          4
 Silence                  Hex/Air        27%        N/A       3%          5
 Apportation              Tloc           36%        N/A       4%          1
 Kiss of Death            Conj/Necr      72%        2d10      4%          1
 Magic Dart               Conj           72%        1d6       4%          1
 Sting                    Tmut/Pois      72%        1d6       4%          1
 Dazzling Flash           Conj/Hex       58%        N/A       4%          3
 Summon Guardian Golem    Hex/Summ       29%        N/A       4%          3
 Cause Fear               Hex            20%        N/A       5%          4
 Momentum Strike          Conj/Tloc      36%        3d9       6%          2
 Searing Ray              Conj           36%        2d5       6%          2
 Sublimation of Blood     Necr           18%        N/A       6%          2
 Wereblood                Tmut           18%        N/A       6%          2
 Arcjolt                  Conj/Air       23%        1d33      10%         5
 Fireball                 Conj/Fire      23%        3d11      10%         5
 Gell's Gravitas          Tloc           18%        N/A       13%         3
 Hailstorm                Conj/Ice       18%        3d6       13%         3
 Spider Form              Tmut/Pois      18%        N/A       13%         3
 Teleport Other           Tloc           18%        N/A       13%         3
 Vampiric Draining        Necr           18%        2d7       13%         3
 Anguish                  Hex/Necr       14%        N/A       16%         4
 Fulminant Prism          Conj/Hex       14%        3d9       16%         4
 Animate Armour           Summ/Erth      36%        N/A       38%         4
 Dispel Undead            Necr           18%        3d11      38%         4
 Ice Form                 Ice/Tmut       18%        N/A       38%         4
 Iskenderun's Mystic Bla  Conj/Tloc      18%        2d6       38%         4
 Manifold Assault         Tloc           18%        N/A       38%         4
 Olgreb's Toxic Radiance  Pois           18%        N/A       38%         4
 Passage of Golubria      Tloc           18%        N/A       38%         4
 Petrify                  Tmut/Erth      18%        N/A       38%         4
 Metabolic Englaciation   Hex/Ice        14%        N/A       38%         5
 Yara's Violent Unravell  Hex/Tmut       14%        3d7       38%         5
 Conjure Ball Lightning   Conj/Air       23%        3x3d6     50%         6
 Starburst                Conj/Fire      23%        6d8       50%         6
 Alistair's Intoxication  Tmut/Pois      12%        N/A       75%         5
 Blade Hands              Tmut           9%         N/A       75%         5
 Borgnjor's Vile Clutch   Necr/Erth      9%         N/A       75%         5
 Irradiate                Conj/Tmut      9%         3d14      75%         5
 Iskenderun's Battlesphe  Conj           18%        2d7       75%         5
 Summon Forest            Summ/Tloc      9%         N/A       75%         5
 Ignition                 Fire           32%        3d10      90%         8
 Maxwell's Capacitive Co  Air            32%        ∞         90%         8
 Storm Form               Tmut/Air       23%        N/A       97%         7
 Enfeeble                 Hex            20%        N/A       99%         7
 Death Channel            Necr           9%         N/A       100%        6
 Dispersal                Tloc           9%         N/A       100%        6
 Eringya's Noxious Bog    Tmut/Pois      9%         N/A       100%        6
 Leda's Unmaking          Conj/Erth      9%         9d2       100%        6
 Simulacrum               Ice/Necr       9%         N/A       100%        6
 Statue Form              Tmut/Erth      12%        N/A       100%        6
 Dragon Form              Tmut           9%         N/A       100%        7
 Malign Gateway           Summ/Tloc      9%         N/A       100%        7
 Orb of Destruction       Conj           9%         9d6       100%        7
 Spellforged Servitor     Conj/Summ      9%         N/A       100%        7
 Summon Hydra             Summ           9%         N/A       100%        7
 Discord                  Hex            20%        N/A       100%        8
 Disjunction              Tloc           9%         N/A       100%        8
 Lehudib's Crystal Spear  Conj/Erth      9%         10d4      100%        8
 Summon Horrible Things   Summ           9%         N/A       100%        8
 Chain Lightning          Conj/Air       23%        3d30      100%        9
 Fire Storm               Conj/Fire      23%        8d6       100%        9
 Shatter                  Erth           9%         3d11*     100%        9


Dungeon Overview and Level Annotations

Branches:
Dungeon (15/15)            Temple (1/1) D:5            Lair (5/5) D:9
 Shoals (4/4) Lair:3        Snake (4/4) Lair:3        Slime (0/5) Lair:4
    Orc (2/2) D:12            Elf (3/3) Orc:2        Vaults (5/5) D:14
  Crypt (0/3) Vaults:2     Depths (4/4) D:15            Zot (5/5) Depths:4
  Sewer (visited)           IceCv (visited)

Altars:
Ashenzari
Cheibriados
Dithmenos
Elyvilon
Fedhas
Gozag
Hepliaklqana
Kikubaaqudgha
Makhleb
Nemelex Xobeh
Okawaru
Qazlal
Ru
Sif Muna
Trog
Uskayaw
Vehumet
Wu Jian
Xom
Yredelemnul
Zin
The Shining One
Jiyva

Shops:
D:1 !   D:3 *!:(*   D:4 *   D:6 [   D:7 ([*([   D:11 =?   D:14 !*   D:15 ?
Orc:2 *=!?(*   Elf:3 *   Shoals:1 *   Shoals:4 :   Snake:1 :   Vaults:1 [
Vaults:3 [[   Vaults:5 [   Depths:2 (   Depths:4 :==

Portals:
Hell: Depths:1 Depths:2 Depths:3 Depths:4
Abyss: Depths:3
Pandemonium: Depths:2 Depths:4
Ziggurat: Depths:4

Annotations:
Zot:3 2 transporters, exclusion: 2 orange crystal statues, Extyd's ghost, veteran TrSu; Joddies's ghost, legendary TeRe


Innate Abilities, Weirdness & Mutations

Your life essence is reduced to manifest your ancestor. (-10% HP)
You are small and have problems with some larger weapons.
You are completely attuned to the shadows.
Your body sometimes deteriorates upon taking damage.
You are dopey. (Int -2)
You are weak. (Str -2)


Message History

a +0 chain mail; a +0 glaive
There is an escape hatch in the ceiling here.
A mysterious force pulls you upwards. The hatch slams shut behind you.
You swap places.
A Vifrugox and a lich come into view.
The lich shouts! Æðelind completely misses Vifrugox.
There is an open door here.
Blink to where?
Press: ? - help, Dir - move target
As you read the scroll of blinking, it crumbles to dust.
You climb upwards.
There is a stone staircase leading down here.
A hell hound comes into view.
There is a stone staircase leading up here. Æðelind is recalled.
You climb upwards.
There is a stone staircase leading down here.
You feel yourself speed up.
There is a stone staircase leading up here.
Unknown command.
You climb upwards.
There is a stone staircase leading down here. Æðelind is recalled.
There is an open door here.
There is an open door here.
There is an open door here.
Your extra speed is starting to run out.
You feel yourself slow down.
An ice devil comes into view.
The ice devil moves out of view.
There is an open door here.
There is a staircase leading out of the dungeon here.
You have escaped!

### #.#######
.......)# #######.#
..# #.##### #.#
#.#...######## #.#
#.#.8.##.....# #.#
#.#...##..@..# #.#
#.#...##.....# #.#
#.#.≈.##.....# #.#
#.#.≈..'.....#
#.#####4#.≈..#.....#
#.##.##.#.≈.##.....#
#.#.....#.4.##.....#
#...###.....########
#.#.# #######


There were no monsters in sight!

Vanquished Creatures
  2 ancient liches
  2 orbs of fire
  5 Killer Klowns
  A curse toe (Zot:4)
  Saint Roka (Orc:2)
  7 golden dragons
  A bone dragon (Vaults:2)
  3 electric golems
  Rupert (D:13)
  A hellephant (Depths:2)
  16 tentacled monstrosities
  A walking crystal tome (Depths:3)
  10 Orb Guardians (Zot:5)
  Jorgrun (Snake:1)
  3 quicksilver dragons
  3 titans
  A deep elf blademaster (Elf:2)
  2 deep elf master archers (Elf:3)
  8 death cobs
  8 shadow dragons
  Ilsuiw (Shoals:2)
  Donald (Shoals:1)
  4 storm dragons
  4 tengu reavers
  7 draconian monks
  8 nagarajas
  4 draconian knights
  2 frost giants
  A ghost moth (shapeshifter) (Depths:1)
  4 fire giants
  3 draconian scorchers
  3 iron dragons
  2 ghost moths
  5 deep elf sorcerers
  2 orc warlords
  10 vault wardens
  Louise (Depths:3)
  5 deep elf elementalists (Elf:3)
  3 draconian shifters
  9 draconian stormcallers
  2 draconian annihilators
  7 very ugly things
  4 ironbound thunderhulks
  A reaper (IceCv)
  A war gargoyle (Vaults:4)
  21 ironbound preservers
  7 stone giants
  5 green draconians
  A formless jellyfish (Vaults:4)
  21 dire elephants
  A deep elf demonologist (Elf:3)
  5 deep elf annihilators (Elf:3)
  7 yellow draconians
  3 black draconians
  12 purple draconians
  5 red draconians
  6 white draconians
  5 spark wasps
  4 deep elf death magi (Elf:3)
  11 ettins
  7 merfolk impalers
  6 merfolk javelineers (Shoals:4)
  3 fire dragons
  An entropy weaver (shapeshifter) (D:15)
  3 deep elf high priests
  2 rakshasas (Depths:1)
  25 vault guards
  An entropy weaver (Vaults:3)
  5 great orbs of eyes
  6 yaktaur captains
  A hell beast (D:13)
  An alligator snapping turtle (Shoals:2)
  10 ice dragons
  A peacekeeper (Vaults:4)
  2 centaur warriors
  An ogre mage (Vaults:5)
  3 merfolk avatars (Shoals:4)
  3 spriggan air magi
  3 hydras
  2 catoblepae
  2 two-headed ogres
  4 merfolk aquamancers (Shoals:4)
  7 tengu warriors
  4 satyrs
  6 death yaks
  6 anacondas
  7 ironbound frosthearts
  3 boulder beetles
  23 dancing weapons
  7 naga warriors
  11 naga sharpshooters
  A deep troll shaman (Depths:4)
  An orc high priest (Orc:2)
  Urug (D:14)
  4 spriggan berserkers
  Sonja (Lair:3)
  2 hell knights
  3 deep troll earth magi
  5 shock serpents
  2 deep elf knights
  4 skysharks
  A sixfirhy (Depths:4)
  14 sea snakes
  6 naga ritualists
  35 deep trolls
  5 iron trolls
  4 lindwurms
  12 harpies
  5 deep elf archers
  4 wizards
  An obsidian statue (Zot:5)
  3 necromancers
  15 ironbound convokers
  3 phantasmal warriors
  6 orc knights
  11 mana vipers
  13 deep elf pyromancers
  27 ugly things
  20 deep elf zephyrmancers
  15 fauns
  3 orc sorcerers (Orc:2)
  9 salamanders
  3 cyclopes
  7 manticores
  15 moths of wrath
  An oklob plant (Lair:4)
  2 guardian serpents (Snake:4)
  Maurice (Orc:1)
  9 vault sentinels
  An ice statue (IceCv)
  29 black mambas
  Joseph (D:10)
  A water nymph (shapeshifter) (Vaults:4)
  2 molten gargoyles (Lair:5)
  4 cane toads
  A torpor snail (Lair:3)
  6 merfolk sirens
  9 water nymphs
  4 naga magi
  6 rime drakes
  13 yaktaurs
  Psyche (D:10)
  3 freezing wraiths
  9 komodo dragons
  5 tengu conjurers
  An ice devil (Depths:2)
  A yaktaur zombie (Vaults:2)
  2 anaconda simulacra (IceCv)
  A troll (shapeshifter) (Vaults:3)
  A human zombie (Vaults:2)
  5 polar bears
  24 merfolk
  5 trolls
  6 wind drakes
  4 blink frogs (Lair:1)
  A wind drake (shapeshifter) (D:14)
  4 snapping turtles
  9 dream sheep
  17 slime creatures
  A vampire (D:13)
  An air elemental (Elf:2)
  A wraith (D:10)
  2 basilisks (Lair:5)
  A neqoxec (Depths:4)
  31 yaks
  2 hogs (Snake:4)
  11 water elementals
  3 chaos spawn
  5 wyverns
  A dire elephant simulacrum (IceCv)
  5 fire elementals
  A redback (shapeshifter) (Depths:3)
  9 humans (D:14)
  2 steam dragons (Shoals:2)
  A vampire mosquito (D:12)
  22 nagas
  2 death yak simulacra (IceCv)
  2 wargs (D:8)
  2 acid dragons
  3 hydra simulacra (IceCv)
  4 hell hounds
  4 water moccasins
  A floating eye (shapeshifter) (D:13)
  An ice beast (D:7)
  24 orc warriors
  2 black bears
  A boggart (Vaults:4)
  5 ogres
  8 wolves
  2 centaurs
  2 phantoms
  A kobold brigand (D:11)
  7 bullfrogs
  A gnoll sergeant (D:12)
  A two-headed ogre simulacrum (IceCv)
  2 scorpions
  A cane toad simulacrum (IceCv)
  A wight (D:7)
  2 elephant simulacra (IceCv)
  5 killer bees
  A howler monkey (D:10)
  11 electric eels
  4 lava snakes
  2 jellies
  4 hounds
  12 orc priests
  A sleepcap (D:7)
  Terence (D:2)
  20 orc wizards
  4 hell rats (Lair:5)
  A polar bear simulacrum (IceCv)
  4 spriggan simulacra (IceCv)
  A malarious merfolk avatar (Sewer)
  3 troll simulacra (IceCv)
  A wolf simulacrum (IceCv)
  An adder (D:6)
  5 gnolls (D:12)
  5 naga simulacra (IceCv)
  3 river rats
  3 white imps
  2 ufetubi (IceCv)
  A worm (D:3)
  3 dart slugs
  59 orcs
  4 endoplasms
  6 giant cockroaches
  9 goblins
  8 hobgoblins
  5 jackals
  6 quokkas
  10 ball pythons
  5 bats
  7 frilled lizards
  13 kobolds
  25 rats
  A tentacle (Shoals:2)
1335 creatures vanquished.

Vanquished Creatures (collateral kills)
  A dread lich (Zot:5)
  2 orbs of fire (Zot:5)
  4 ancient liches
  A Killer Klown (Zot:5)
  5 golden dragons
  An electric golem (Zot:2)
  A walking crystal tome (Depths:3)
  3 tentacled monstrosities
  15 Orb Guardians (Zot:5)
  2 titans
  4 quicksilver dragons
  A deep elf blademaster (Elf:3)
  A sphinx (Depths:2)
  Polyphemus (Shoals:2)
  3 death cobs
  A kraken (Shoals:2)
  8 storm dragons
  Kirke (Snake:4)
  A tengu reaver (Vaults:5)
  3 shadow dragons
  2 nagarajas (Snake:4)
  A deep elf sorcerer (Vaults:1)
  2 fire giants
  2 iron dragons (Vaults:5)
  A draconian knight (Zot:3)
  Aizul (Snake:3)
  3 draconian scorchers
  2 ghost moths
  7 vault wardens
  3 draconian stormcallers
  5 deep elf elementalists (Elf:3)
  3 frost giants
  2 balrugs
  A draconian shifter (Zot:3)
  4 ironbound preservers
  2 very ugly things
  A draconian annihilator (Zot:5)
  A formless jellyfish (Vaults:3)
  2 spriggan defenders
  5 stone giants
  A war gargoyle (Vaults:4)
  An ironbound thunderhulk (Vaults:3)
  7 black draconians
  A deep elf demonologist (Elf:1)
  2 deep elf annihilators (Elf:3)
  2 green draconians (Zot:1)
  Azrael (Snake:1)
  5 white draconians
  The ghost of sastreii the Grappler, a journeyman TrGl of Uskayaw (D:10)
  6 red draconians
  A yellow draconian (Zot:2)
  The ghost of Anon1729 the Fighter, a journeyman MiMo of Uskayaw (Orc:2)
  14 dire elephants
  2 spark wasps (Depths:4)
  8 purple draconians
  6 ettins
  A great orb of eyes (Vaults:5)
  3 merfolk impalers
  2 deep elf death magi (Elf:3)
  3 fire dragons
  2 merfolk javelineers (Shoals:4)
  2 hydras
  Josephine (D:10)
  An entropy weaver (Vaults:4)
  9 vault guards
  4 yaktaur captains
  An ice dragon (shapeshifter) (Depths:4)
  3 deep elf high priests (Elf:3)
  2 ice dragons
  2 rakshasas (Depths:1)
  A spriggan air mage (Depths:3)
  A centaur warrior (D:14)
  4 ironbound frosthearts
  8 dancing weapons (Elf:2)
  A two-headed ogre (D:14)
  A deep troll earth mage (Depths:4)
  4 anacondas
  2 deep troll shamans (Depths:1)
  A tengu warrior (D:15)
  3 death yaks
  2 naga sharpshooters (Snake:4)
  2 orc high priests (Orc:2)
  3 shock serpents
  A spriggan (Depths:4)
  Amaemon (D:10)
  4 deep elf knights
  4 sea snakes
  4 skysharks
  22 deep trolls
  A salamander mystic (Snake:3)
  A sixfirhy (Depths:4)
  A flayed ghost (Depths:1)
  3 wizards
  4 harpies
  A swamp dragon (shapeshifter) (Vaults:4)
  A naga ritualist (Snake:2)
  6 ironbound convokers
  5 lindwurms
  2 deep elf archers
  10 deep elf pyromancers
  7 fauns
  4 deep elf zephyrmancers
  17 ugly things
  An orc knight (Orc:1)
  3 mana vipers (Snake:4)
  3 orc sorcerers
  5 moths of wrath
  3 salamanders
  4 cyclopes
  An elephant (shapeshifter) (D:14)
  2 merfolk sirens
  5 vault sentinels
  3 manticores
  12 black mambas
  2 guardian serpents
  2 naga magi
  A molten gargoyle (Lair:5)
  6 cane toads
  A torpor snail (Lair:4)
  An orange demon (D:10)
  2 gargoyles
  4 yaktaurs
  2 rime drakes (Shoals:2)
  2 tengu conjurers
  8 komodo dragons
  A red devil (Depths:2)
  2 trolls
  A hornet (Depths:4)
  A queen bee (D:10)
  2 polar bears
  A wind drake (Shoals:2)
  3 blink frogs (Lair:1)
  11 merfolk
  3 snapping turtles
  4 dream sheep
  9 slime creatures
  Sigmund (D:6)
  A shadow (D:10)
  A water elemental (D:13)
  3 wyverns
  2 basilisks
  3 fire elementals
  3 hogs (Snake:4)
  3 wraiths (D:10)
  16 yaks
  7 humans (D:14)
  A steam dragon (Lair:5)
  4 vampire mosquitoes
  4 death yak simulacra
  A swamp worm (shapeshifter) (Vaults:5)
  2 wargs (Orc:2)
  An acid dragon (D:12)
  8 nagas
  3 water moccasins
  A hell hound (Lair:5)
  An ice beast (D:7)
  A black bear (D:8)
  10 orc warriors
  3 ogres
  An ogre (shapeshifter) (Vaults:5)
  3 boggarts (Vaults:4)
  6 wolves
  A centaur (D:6)
  A human skeleton (Vaults:2)
  9 bullfrogs
  3 two-headed ogre simulacra (IceCv)
  An earth elemental (Elf:1)
  2 scorpions
  A cane toad simulacrum (Lair:5)
  3 wights (D:6)
  An elephant simulacrum (IceCv)
  5 killer bees
  An electric eel (D:14)
  3 howler monkeys
  2 lava snakes (Lair:5)
  2 hounds
  4 orc priests
  A jelly (D:6)
  A sleepcap (D:5)
  5 iguanas
  3 hell rats (Lair:5)
  6 orc wizards
  A sickly merfolk siren (Sewer)
  4 spriggan simulacra (IceCv)
  3 troll simulacra (IceCv)
  2 adders
  2 naga simulacra (IceCv)
  A river rat (Sewer)
  3 white imps (IceCv)
  2 ufetubi
  2 dart slugs
  24 orcs
  An endoplasm (D:4)
  A giant cockroach (D:4)
  A goblin (D:3)
  2 jackals (D:4)
  3 kobolds
  A quokka (D:2)
  3 ball pythons
  A frilled lizard (Sewer)
  A rat (D:5)
650 creatures vanquished.

Vanquished Creatures (others)
  A dread lich (Vaults:5)
  A vault warden (Vaults:5)
  A ghost moth (Zot:4)
  A draconian shifter (Zot:2)
  A draconian scorcher (Zot:2)
  An orc warlord (Orc:1)
  A yellow draconian (Zot:4)
  3 yaktaur captains
  A satyr (Shoals:3)
  A wizard (Vaults:4)
  A deep elf zephyrmancer (Elf:1)
  A faun (Shoals:3)
  5 yaktaurs
  An orc priest (Orc:2)
  An orc wizard (Orc:2)
  52 knights
  An orc (Orc:2)
  2 ancestors
  8 tentacles (Shoals:2)
84 creatures vanquished.

Grand Total: 2069 creatures vanquished

Notes
Turn   | Place    | Note
-------+----------+-------------------------------------------
     0 | D:1      | demirab the Kobold Hunter began the quest for the Orb.
     0 | D:1      | Reached XP level 1. HP: 12/12 MP: 1/1
   181 | D:1      | Reached XP level 2. HP: 18/18 MP: 2/2
   185 | D:1      | Reached skill level 3 in Fighting
   232 | D:1      | Found a faded altar of an unknown god.
   238 | D:1      | Prayed at the altar of an unknown god.
   238 | D:1      | Became a worshipper of Hepliaklqana the Forgotten
   238 | D:1      | Reached * piety under Hepliaklqana
   393 | D:1      | Found Wutus's Distillery.
   471 | D:1      | Reached XP level 3. HP: 20/20 MP: 3/3
   608 | D:1      | Reached skill level 4 in Fighting
   843 | D:1      | Reached ** piety under Hepliaklqana
  1140 | D:2      | Noticed Terence
  1145 | D:2      | Killed Terence
  1146 | D:2      | Reached XP level 4. HP: 26/26 MP: 4/4
  1333 | D:3      | Found Ceguk's Assorted Antiques.
  1401 | D:3      | Reached XP level 5. HP: 30/30 MP: 5/5
  1557 | D:3      | Found Axkes's Distillery.
  1562 | D:3      | Bought a potion of heal wounds for 60 gold pieces
  1648 | D:3      | Found Baonehot's Assorted Antiques.
  1698 | D:3      | Found Rair's Book Emporium.
  1710 | D:3      | Remembered your ancestor Æðelind as a knight
  1744 | D:3      | Found Zeuroant's Weapon Emporium.
  1979 | D:3      | Found a shadowy altar of Dithmenos.
  2214 | D:4      | Reached skill level 5 in Fighting
  2214 | D:4      | Reached XP level 6. HP: 36/36 MP: 6/6
  2316 | D:4      | Reached *** piety under Hepliaklqana
  2379 | D:4      | Reached skill level 6 in Fighting
  2520 | D:4      | Found a broken altar of Ashenzari.
  2606 | D:4      | Found a hide-covered altar of Uskayaw.
  2996 | D:4      | Reached XP level 7. HP: 33/41 MP: 7/7
  3133 | D:4      | Found a radiant altar of Vehumet.
  3294 | D:5      | Entered Level 5 of the Dungeon
  3342 | D:5      | Found a glowing drain.
  3348 | Sewer    | Entered a sewer
  3860 | D:5      | Found a staircase to the Ecumenical Temple.
  3866 | Temple   | Entered the Ecumenical Temple
  4491 | D:5      | Reached skill level 5 in Dodging
  4580 | D:5      | Reached XP level 8. HP: 45/45 MP: 8/8
  4997 | D:6      | Reached **** piety under Hepliaklqana
  5030 | D:6      | Reached skill level 7 in Fighting
  5067 | D:6      | Reached skill level 1 in Invocations
  5177 | D:6      | Noticed Sigmund
  5181 | D:6      | Killed Sigmund
  5337 | D:6      | Reached XP level 9. HP: 43/51 MP: 12/12
  5427 | D:6      | Reached skill level 5 in Invocations
  5845 | D:6      | Found Garshasp's Dragon-Slaying Spoils.
  5942 | D:3      | Bought a book of Burglary for 200 gold pieces
  5945 | D:3      | Learned a level 2 spell: Passwall
  5949 | D:3      | Learned a level 3 spell: Swiftness
  6500 | D:7      | Reached skill level 8 in Fighting
  6650 | D:7      | Found Nifraer's General Store.
  6655 | D:7      | Bought a scroll of identify for 26 gold pieces
  6656 | D:7      | Bought a scroll of blinking for 97 gold pieces
  6743 | D:7      | Found Oxeapal's Armour Boutique.
  6792 | D:7      | Found Masuin's Weapon Shop.
  6792 | D:7      | Found Ixipaso's Armour Shop.
  6906 | D:7      | Found a shimmering blue altar of Sif Muna.
  7083 | D:7      | Reached XP level 10. HP: 58/58 MP: 16/16
  7183 | D:7      | Found Hucoive's Weapon Boutique.
  7465 | D:8      | Reached skill level 9 in Fighting
  7515 | D:8      | Reached ***** piety under Hepliaklqana
  7584 | D:7      | Bought a potion of haste for 130 gold pieces
  7679 | D:8      | Found a blossoming altar of Fedhas.
  7838 | D:8      | Found a shimmering altar of Xom.
  8381 | D:9      | Found a sacrificial altar of Ru.
  8988 | D:9      | Found a staircase to the Lair.
  9006 | D:9      | Reached skill level 10 in Dodging
  9050 | D:9      | Noticed a gargoyle
  9265 | D:9      | Upgraded the game from 0.31-a0-187-gba352fbbf7 to
                  | 0.31-a0-188-g5e087ee2ca
  9317 | D:9      | Killed a gargoyle
  9341 | D:10     | Entered Level 10 of the Dungeon
  9514 | D:10     | Noticed Joseph
  9678 | D:10     | Noticed Josephine
  9746 | D:10     | Reached skill level 10 in Fighting
  9768 | D:10     | Reached XP level 11. HP: 64/64 MP: 17/17
  9783 | D:10     | Noticed Psyche
  9790 | D:10     | Killed Psyche
  9852 | D:10     | Noticed sastreii's ghost (journeyman TrGl)
  9877 | D:10     | Killed Josephine
  9878 | D:10     | Reached skill level 11 in Fighting
  9920 | D:10     | Noticed a two-headed ogre
  9931 | D:10     | Killed a two-headed ogre
  9932 | D:10     | Reached skill level 12 in Fighting
 10013 | D:10     | Found a transporter.
 10013 | D:10     | Found a transporter.
 10444 | D:10     | Found a burning altar of Makhleb.
 10444 | D:10     | Noticed Amaemon
 10468 | D:10     | Killed Joseph
 11018 | D:11     | Found Elliusui's Jewellery Shop.
 11043 | D:11     | Noticed a brown ugly thing
 11079 | D:11     | Killed a brown ugly thing
 11086 | D:11     | Reached skill level 10 in Ranged Weapons
 11092 | D:11     | Reached skill level 1 in Spellcasting
 11332 | D:11     | Found Beochuh's Magic Scroll Boutique.
 11337 | D:11     | Bought a scroll of identify for 30 gold pieces
 11337 | D:11     | Bought a scroll of identify for 30 gold pieces
 11337 | D:11     | Bought a scroll of identify for 30 gold pieces
 11339 | D:11     | Identified a scroll of acquirement
 11511 | D:11     | Noticed a cyclops
 11593 | D:11     | Killed a cyclops
 11678 | D:11     | Noticed a cyclops
 11688 | D:11     | Killed a cyclops
 11689 | D:11     | Reached skill level 1 in Short Blades
 11864 | D:12     | Noticed a cyclops
 12138 | D:3      | Bought a scroll of identify for 54 gold pieces
 12138 | D:3      | Bought a scroll of identify for 54 gold pieces
 12140 | D:3      | Acquired 452 gold pieces
 12142 | D:3      | Bought a scroll labelled KEMANA CIHO for 27 gold pieces
 12142 | D:3      | Bought a scroll of teleportation for 81 gold pieces
 12231 | D:3      | Bought 2 potions of heal wounds for 180 gold pieces
 12231 | D:3      | Bought a glowing shortbow for 108 gold pieces
 12329 | D:7      | Bought a scroll of teleportation for 39 gold pieces
 12398 | Lair:1   | Entered Level 1 of the Lair of Beasts
 12567 | Lair:1   | Reached XP level 12. HP: 72/72 MP: 18/18
 12630 | Lair:1   | Reached skill level 5 in Spellcasting
 13541 | Lair:2   | Reached skill level 1 in Air Magic
 13883 | Lair:2   | Reached skill level 5 in Air Magic
 13942 | Lair:2   | Reached ****** piety under Hepliaklqana
 13990 | Lair:2   | Noticed a five-headed hydra
 14025 | Lair:2   | Killed a five-headed hydra
 14384 | Lair:2   | Noticed a catoblepas
 14404 | Lair:2   | Killed a catoblepas
 14405 | Lair:2   | Reached XP level 13. HP: 62/77 MP: 25/25
 14498 | Lair:2   | Noticed a seven-headed hydra
 14505 | Lair:2   | Killed a seven-headed hydra
 14551 | Lair:2   | Reached skill level 1 in Fire Magic
 14956 | Lair:3   | Found a staircase to the Shoals.
 15245 | Lair:3   | Found a staircase to the Snake Pit.
 15257 | Lair:3   | Noticed Sonja
 15264 | Lair:3   | Killed Sonja
 15380 | Lair:3   | Reached skill level 5 in Fire Magic
 16371 | Lair:3   | Learned a level 3 spell: Inner Flame
 16372 | Lair:4   | Found a staircase to the Slime Pits.
 16372 | Lair:4   | Found a viscous altar of Jiyva.
 16470 | Lair:4   | Reached skill level 1 in Hexes
 17343 | Lair:4   | You fall into a shaft and drop 1 floor!
 17343 | Lair:5   | Entered Level 5 of the Lair of Beasts
 17345 | Lair:5   | Upgraded the game from 0.31-a0-188-g5e087ee2ca to
                  | 0.31-a0-196-g86fe4a5e66
 17408 | Lair:5   | Found a frozen archway.
 17487 | IceCv    | Entered an ice cave
 17518 | IceCv    | Reached XP level 14. HP: 82/82 MP: 26/26
 18001 | IceCv    | Reached skill level 5 in Hexes
 18235 | IceCv    | Noticed a reaper
 18247 | IceCv    | Killed a reaper
 18457 | IceCv    | Identified the +6 morningstar of Dissatisfaction {drain,
                  | Int+5}
 18852 | Lair:4   | Reached skill level 13 in Fighting
 19759 | Lair:5   | Found a large runed translucent door.
 19759 | Lair:5   | Found a large runed translucent door.
 19853 | Lair:5   | Reached skill level 14 in Fighting
 20681 | Lair:5   | Reached skill level 15 in Fighting
 23403 | D:12     | Reached XP level 15. HP: 80/92 MP: 28/28
 23700 | D:12     | Found a staircase to the Orcish Mines.
 23972 | Orc:1    | Entered Level 1 of the Orcish Mines
 24151 | Orc:1    | Noticed an orc warlord
 24161 | Orc:1    | Killed an orc warlord
 24328 | Orc:1    | Noticed Maurice
 24336 | Orc:1    | Killed Maurice
 24478 | Orc:2    | Entered Level 2 of the Orcish Mines
 24523 | Orc:2    | Found a runed translucent door.
 24524 | Orc:2    | Found a shimmering altar of Xom.
 24524 | Orc:2    | Noticed Anon1729's ghost (journeyman MiMo)
 24607 | Orc:2    | Found Iyrebat's Incredible Inventory.
 24622 | Orc:2    | Bought a scroll of identify for 28 gold pieces
 24664 | Orc:2    | Noticed an orc warlord
 24680 | Orc:2    | Killed an orc warlord
 24819 | Orc:2    | Found a staircase to the Elven Halls.
 24925 | Orc:2    | Reached skill level 5 in Evocations
 25317 | Orc:2    | Noticed Saint Roka
 25335 | Orc:2    | Killed Saint Roka
 25820 | Orc:2    | Found Byevuqu's Assorted Antiques.
 26147 | Orc:2    | Found Sirchirph's Jewellery Shoppe.
 26147 | Orc:2    | Found Pidik's Distillery.
 26149 | Orc:2    | Found Atzol's Magic Scroll Shoppe.
 26149 | Orc:2    | Found Qesuvab's Antique Weapon Boutique.
 26154 | Orc:2    | Bought a scroll of teleportation for 39 gold pieces
 26224 | Orc:2    | Bought a scroll labelled LEMIAL GUQEEBB for 31 gold pieces
 26294 | Orc:2    | Bought a scroll of identify for 26 gold pieces
 26477 | Orc:2    | Killed Anon1729's ghost
 27292 | D:13     | Noticed Rupert
 27327 | D:13     | Killed Rupert
 27991 | D:14     | Identified the +2 cloak of Crawling {Str+5 Int+3}
 28066 | D:14     | Reached skill level 15 in Ranged Weapons
 28071 | D:14     | Reached XP level 16. HP: 93/97 MP: 25/29
 28098 | D:14     | Noticed Urug
 28102 | D:14     | Killed Urug
 28140 | D:15     | Entered Level 15 of the Dungeon
 28432 | D:14     | Found a gate to the Vaults.
 28455 | D:14     | Upgraded the game from 0.31-a0-196-g86fe4a5e66 to
                  | 0.31-a0-198-g2ad674f65e
 28810 | D:14     | Found Cyvias's Assorted Antiques.
 28988 | D:14     | Found Hailueqi's Distillery.
 30586 | D:15     | Found a staircase to the Depths.
 30635 | D:15     | Found Padwuiw's Magic Scroll Boutique.
 30640 | D:15     | Bought a scroll of teleportation for 42 gold pieces
 30954 | D:14     | Bought a potion of heal wounds for 70 gold pieces
 30954 | D:14     | Bought a potion of resistance for 140 gold pieces
 30954 | D:14     | Bought a potion of resistance for 140 gold pieces
 31131 | Orc:2    | Bought a scroll of brand weapon for 123 gold pieces
 31131 | Orc:2    | Bought a scroll of fear for 52 gold pieces
 31336 | D:7      | Bought a +2 robe of resistance for 414 gold pieces
 31465 | Snake:1  | Entered Level 1 of the Snake Pit
 31607 | Snake:1  | Found Laajaclu's Book Emporium.
 31771 | Snake:1  | Noticed Jorgrun
 31778 | Snake:1  | Killed Jorgrun
 31992 | Snake:1  | Reached skill level 10 in Spellcasting
 32377 | Snake:1  | Noticed Azrael
 32387 | Snake:1  | Killed Azrael
 33098 | Snake:2  | Reached XP level 17. HP: 86/101 MP: 32/32
 34473 | Snake:2  | Found a shimmering altar of Xom.
 35468 | Snake:3  | Identified the +6 flail of Corporal Punishment {elec, Drain
                  | rC+++ Int-2 SInv}
 35673 | Snake:3  | Reached skill level 10 in Air Magic
 35829 | Snake:3  | Noticed Aizul
 36353 | Snake:3  | Killed Aizul
 36584 | Snake:3  | Learned a level 6 spell: Plasma Beam
 36587 | Snake:3  | Learned a level 2 spell: Ensorcelled Hibernation
 36592 | Snake:3  | Learned a level 4 spell: Summon Lightning Spire
 36593 | Snake:4  | Entered Level 4 of the Snake Pit
 36768 | Snake:4  | Reached skill level 10 in Fire Magic
 37138 | Snake:4  | Noticed Kirke
 37146 | Snake:4  | Killed Kirke
 37164 | Snake:4  | Reached skill level 10 in Invocations
 37525 | Snake:4  | Reached XP level 18. HP: 107/107 MP: 34/34
 37652 | Snake:4  | Identified the amulet "Qeum" {Spirit Int+2 Stlth+}
 38147 | Snake:4  | HP: 2/107 [poisoned by a sea snake]
 38427 | Snake:4  | Reached skill level 15 in Dodging
 39578 | Snake:4  | Got a serpentine rune of Zot
 39915 | D:10     | Killed sastreii's ghost
 40106 | D:7      | Bought a +1 pair of boots of stealth for 181 gold pieces
 40228 | D:10     | Killed Amaemon
 40327 | Shoals:1 | Entered Level 1 of the Shoals
 40332 | Shoals:1 | Noticed Donald
 40523 | Orc:2    | Bought a potion of heal wounds for 65 gold pieces
 40523 | Orc:2    | Bought a potion of curing for 39 gold pieces
 40523 | Orc:2    | Bought a potion of heal wounds for 65 gold pieces
 40523 | Orc:2    | Bought a potion of heal wounds for 65 gold pieces
 40523 | Orc:2    | Bought a potion of heal wounds for 65 gold pieces
 40783 | D:3      | Bought a potion of curing for 36 gold pieces
 40783 | D:3      | Bought a potion of curing for 36 gold pieces
 41139 | Shoals:1 | Reached skill level 5 in Stealth
 41171 | Shoals:1 | Killed Donald
 41904 | Shoals:1 | Found Fapsayzxer's Island Escapes.
 41909 | Shoals:1 | Bought a scroll of blinking for 120 gold pieces
 41909 | Shoals:1 | Bought a scroll of blinking for 120 gold pieces
 41924 | Shoals:1 | Identified the ring of the Firefly {rElec rPois}
 42337 | Shoals:2 | Reached skill level 16 in Fighting
 42348 | Shoals:2 | Noticed Polyphemus
 42356 | Shoals:2 | Killed Polyphemus
 42453 | Shoals:2 | Noticed a kraken
 42502 | Shoals:2 | Killed a kraken
 42527 | Shoals:2 | Noticed Ilsuiw
 42538 | Shoals:2 | Killed Ilsuiw
 42548 | Shoals:2 | Reached XP level 19. HP: 83/114 MP: 32/35
 42764 | Shoals:2 | Reached skill level 17 in Fighting
 44152 | Shoals:3 | Reached skill level 18 in Fighting
 44965 | Shoals:4 | Entered Level 4 of the Shoals
 45112 | Shoals:4 | Identified the +2 robe of Boghat {Rampage rC+}
 45636 | Shoals:4 | Reached skill level 19 in Fighting
 45788 | Shoals:4 | Identified the +8 whip of Strategic Superiority {drain, rF+
                  | Str+3 Stlth+}
 45896 | Shoals:4 | Got a barnacled rune of Zot
 46602 | Shoals:4 | Found Taipuovu's Self-Improvement Boutique.
 46954 | Shoals:4 | Got the Collected Works on the Pyre and Power
 47000 | Shoals:4 | Reached skill level 20 in Fighting
 47475 | Vaults:1 | Entered Level 1 of the Vaults
 47624 | Vaults:1 | Found Acuufuv's Armour Shoppe.
 47708 | Vaults:1 | Acquired 610 gold pieces
 47730 | Vaults:1 | Reached XP level 20. HP: 95/126 MP: 33/36
 49397 | D:11     | Bought a ring of the Octopus King {rN+ HP+2 AC+2 EV+2 SH+2}
                  | for 958 gold pieces
 49397 | D:11     | Found the ring of the Octopus King {rN+ HP+2 AC+2 EV+2
                  | SH+2}
 49944 | Vaults:2 | Reached skill level 1 in Armour
 50073 | Vaults:2 | Noticed a bone dragon
 50081 | Vaults:2 | Killed a bone dragon
 50191 | Vaults:2 | Found a staircase to the Crypt.
 51283 | Vaults:2 | Reached XP level 21. HP: 124/131 MP: 37/37
 52034 | Vaults:3 | Found Kyhuoschu's Antique Armour Boutique.
 52038 | Vaults:3 | Bought a glowing leather armour for 185 gold pieces
 52571 | Vaults:3 | Found Boamm's Armour Shoppe.
 53383 | Depths:1 | Entered Level 1 of the Depths
 54769 | Depths:1 | Found a gateway to Hell.
 55405 | Depths:2 | Found Ostapt's Antique Weapon Boutique.
 55436 | Depths:2 | Found a shimmering altar of Xom.
 55447 | Depths:2 | Reached XP level 22. HP: 136/136 MP: 39/39
 56809 | Depths:2 | Found a shimmering altar of Xom.
 56809 | Depths:2 | Found a shimmering altar of Xom.
 56809 | Depths:2 | Found a shimmering altar of Xom.
 56809 | Depths:2 | Found a shimmering altar of Xom.
 56809 | Depths:2 | Found a shimmering altar of Xom.
 56812 | Depths:2 | Reached skill level 15 in Spellcasting
 56910 | Depths:2 | Found a one-way gate leading to the halls of Pandemonium.
 57520 | Depths:3 | Found a one-way gate to the infinite horrors of the Abyss.
 57529 | Depths:3 | Noticed Louise
 57694 | Depths:3 | Found a blossoming altar of Fedhas.
 57757 | Depths:3 | Acquired the ring of Ulec {rF+ Str+6}
 58133 | Depths:3 | Killed Louise
 58938 | Depths:4 | Entered Level 4 of the Depths
 59063 | Depths:4 | Found Qoap's Jewellery Emporium.
 59063 | Depths:4 | Found Zemyrun's Jewellery Emporium.
 59064 | Depths:4 | Found Huolasea's Book Shop.
 59472 | Depths:4 | Found a sparkling altar of Nemelex Xobeh.
 59491 | Depths:4 | Noticed a juggernaut
 59618 | Depths:4 | Found an ancient bone altar of Kikubaaqudgha.
 59658 | Depths:4 | Found a one-way gateway to a ziggurat.
 59819 | Depths:4 | Found a gate to the Realm of Zot.
 60463 | Depths:4 | Identified the +9 falchion of Pixt {freeze, rPois}
 60839 | Vaults:4 | Reached XP level 23. HP: 140/140 MP: 43/43
 62723 | Vaults:4 | Reached skill level 10 in Evocations
 63224 | Vaults:5 | Entered Level 5 of the Vaults
 63700 | Vaults:5 | Noticed a golden dragon
 63710 | Vaults:5 | Killed a golden dragon
 63770 | Vaults:5 | Reached XP level 24. HP: 94/146 MP: 43/43
 63792 | Vaults:5 | Identified the +7 sling of Ignis's Favour {freeze, rN+
                  | rCorr}
 64741 | Vaults:5 | Noticed a dread lich
 64741 | Vaults:5 | Identified the +10 double sword of Bloody Death {flame,
                  | rPois rC+ Will+ Str+2}
 64750 | Vaults:4 | Reached skill level 21 in Fighting
 64970 | Vaults:5 | Identified the +2 leather armour of the Dungeon {rPois rF-
                  | Dex+3 Stlth+}
 64979 | Vaults:5 | Identified the ring of Coxzut {rF+ rN+ AC+4 Dex+3}
 64987 | Vaults:5 | Noticed an ancient lich
 64994 | Vaults:5 | Killed an ancient lich
 65273 | Vaults:5 | Killed a dread lich
 65307 | Vaults:5 | Identified the ring of Happiness {EV+5 Int+4 Dex-2 Stlth+}
 65563 | Vaults:5 | Reached skill level 22 in Fighting
 65604 | Vaults:5 | Got a silver rune of Zot
 65629 | Vaults:5 | Upgraded the game from 0.31-a0-198-g2ad674f65e to
                  | 0.31-a0-202-g547052bce9
 65672 | Vaults:5 | Identified the +9 orcbow of Blood {elec, Int+4}
 66160 | Elf:1    | Entered Level 1 of the Elven Halls
 66822 | Elf:1    | You fall into a shaft and drop 1 floor!
 66842 | Elf:2    | Learned a level 1 spell: Slow
 67935 | Elf:2    | Reached skill level 23 in Fighting
 68148 | Elf:2    | Found a runed translucent gate.
 68148 | Elf:2    | Found a runed translucent gate.
 68149 | Elf:2    | Found a runed translucent gate.
 68381 | Elf:2    | Reached XP level 25. HP: 125/158 MP: 42/43
 68864 | Elf:3    | Entered Level 3 of the Elven Halls
 68899 | Elf:3    | Found a flickering gateway to a bazaar.
 68905 | Bazaar   | Entered a bazaar
 68909 | Bazaar   | Found Ubbuf's General Store.
 68914 | Bazaar   | Bought a potion of heal wounds for 45 gold pieces
 68918 | Bazaar   | Found Cuhul's Jewellery Shop.
 68929 | Bazaar   | Found Pupid's Book Boutique.
 68955 | Bazaar   | Found Wiymeudy's Magic Scroll Boutique.
 68967 | Bazaar   | Found Gaanorch's General Store.
 68970 | Bazaar   | Bought a scroll of teleportation for 27 gold pieces
 68980 | Bazaar   | Bought a scroll of blinking for 52 gold pieces
 68980 | Bazaar   | Bought a scroll of enchant weapon for 52 gold pieces
 69069 | Elf:3    | Found Xiufouju's General Store.
 69075 | Elf:3    | Bought a scroll of enchant weapon for 135 gold pieces
 69662 | Elf:3    | Reached skill level 24 in Fighting
 70796 | Elf:3    | Identified the +6 flail "Usamn" {elec, rElec rN+}
 71131 | Elf:3    | Got the Codex of Combined Misfortune
 71149 | Elf:3    | Got the Compendium of Polluted Austromancy
 71163 | Elf:3    | Identified the staff of Hepliaklqana {Fly rElec rF- Int+6
                  | Conj}
 71194 | Elf:3    | Found the +7 Spriggan's Knife {stab, EV+4 Stlth+}
 71198 | Elf:3    | Found the +6 arbalest "Damnation" {damnation}
 71205 | Elf:3    | Identified the +0 shortbow "Kobold's Doom" {drain, Will+}
 71637 | Lair:5   | Learned a level 2 spell: Blink
 71640 | Lair:5   | Learned a level 2 spell: Call Imp
 71643 | Lair:5   | Learned a level 2 spell: Lesser Beckoning
 72335 | Elf:3    | Reached skill level 25 in Fighting
 73065 | Vaults:5 | Identified the ring "Ipifadwoi" {rF+ Int+6}
 73199 | Vaults:5 | Found the +3 pair of mountain boots {steadfast, rC+}
 73267 | Vaults:5 | Identified the +0 spear "Beetlebane" {venom, rPois Int-5
                  | Dex+3 Stlth+}
 73314 | Vaults:5 | Noticed an ancient lich
 73339 | Vaults:5 | Killed an ancient lich
 73506 | Vaults:5 | Noticed an ancient lich
 73520 | Vaults:5 | Killed an ancient lich
 73540 | Vaults:5 | Got the Grimoire of Blows
 73542 | Vaults:5 | Identified the staff of Fee Simple {rN+ Conj}
 73869 | Vaults:5 | Identified the +2 robe of the Armadillo {rElec rF+}
 73900 | Vaults:5 | Found Zitah's Antique Armour Shoppe.
 74328 | Vaults:3 | Bought a glowing scarf for 296 gold pieces
 74328 | Vaults:3 | Bought a glowing chain mail for 277 gold pieces
 74454 | Vaults:5 | Acquired the ring of Ymaf {*Slow rElec rF+ Will+ Str+4}
 75514 | Zot:1    | Entered Level 1 of the Realm of Zot
 75677 | Zot:1    | Reached skill level 26 in Fighting
 76053 | Zot:1    | Reached skill level 5 in Short Blades
 76099 | Zot:1    | Reached XP level 26. HP: 171/171 MP: 43/43
 77095 | Zot:2    | Noticed a Killer Klown
 77286 | Zot:2    | Reached skill level 10 in Stealth
 77959 | Zot:2    | Noticed an orb of fire
 77972 | Zot:2    | Killed an orb of fire
 78289 | Zot:2    | Found a shimmering blue altar of Sif Muna.
 79242 | Zot:2    | Killed a Killer Klown
 79579 | Zot:3    | Reached skill level 10 in Short Blades
 79722 | Zot:3    | Identified the +8 hand axe of Ytun {vamp, rCorr Stlth+}
 80148 | Zot:3    | Reached skill level 15 in Evocations
 80475 | Zot:3    | Noticed Joddies's ghost (legendary TeRe)
 80552 | Zot:3    | Noticed Extyd's ghost (veteran TrSu)
 80553 | Zot:3    | Found a transporter.
 80643 | Zot:3    | Found a transporter.
 80738 | Zot:3    | Noticed a dread lich
 80749 | Zot:3    | Identified the +6 morningstar of Execution {flame, Will+
                  | Str+5 Int-4 Stlth+}
 82101 | Zot:4    | Noticed a curse toe
 82241 | Zot:4    | Reached XP level 27. HP: 111/176 MP: 14/43
 83241 | Zot:4    | Identified the +5 chain mail of Hedge Wizardry {Rampage rN+
                  | Str+3 Int-3}
 84231 | Zot:5    | Entered Level 5 of the Realm of Zot
 84233 | Zot:5    | Upgraded the game from 0.31-a0-202-g547052bce9 to
                  | 0.31-a0-204-g7da18cac08
 85562 | Orc:2    | Bought a scroll of silence for 123 gold pieces
 86167 | Zot:5    | Noticed a Killer Klown
 86170 | Zot:5    | Noticed an orb of fire
 86176 | Zot:5    | Noticed an orb of fire
 86179 | Zot:5    | Noticed an ancient lich
 86183 | Zot:5    | Killed an orb of fire
 86183 | Zot:5    | Noticed a dread lich
 86191 | Zot:5    | Killed an orb of fire
 86191 | Zot:5    | a Killer Klown changed into a fire dragon
 86194 | Zot:5    | Noticed an ancient lich
 86199 | Zot:5    | Killed an ancient lich
 86200 | Zot:5    | Killed a dread lich
 86201 | Zot:5    | Noticed an ancient lich
 86206 | Zot:5    | Killed an ancient lich
 86208 | Zot:5    | Noticed a Killer Klown
 86210 | Zot:5    | Killed an ancient lich
 86217 | Zot:5    | Killed a Killer Klown
 86221 | Zot:5    | Noticed a Killer Klown
 86224 | Zot:5    | Killed a Killer Klown
 86225 | Zot:5    | Noticed an orb of fire
 86228 | Zot:5    | Noticed a Killer Klown
 86231 | Zot:5    | Noticed a Killer Klown
 86237 | Zot:5    | Noticed a Killer Klown
 86242 | Zot:5    | Gained mutation: You are weak. (Str -2) [an orb of fire]
 86244 | Zot:5    | Gained mutation: Your body sometimes deteriorates upon
                  | taking damage. [an orb of fire]
 86250 | Zot:5    | Killed a Killer Klown
 86252 | Zot:5    | Gained mutation: You are dopey. (Int -2) [an orb of fire]
 86254 | Zot:5    | Killed an orb of fire
 86284 | Zot:5    | Killed a Killer Klown
 86291 | Zot:5    | Killed a Killer Klown
 89719 | Shoals:1 | Bought a scroll of blinking for 120 gold pieces
 89719 | Shoals:1 | Bought a potion of haste for 160 gold pieces
 89885 | Orc:2    | Bought a potion of heal wounds for 155 gold pieces
 89885 | Orc:2    | Bought a potion of haste for 310 gold pieces
 89885 | Orc:2    | Bought a wand of iceblast (4) for 297 gold pieces
 90281 | Zot:5    | Got the Orb of Zot
 90603 | D:9      | Noticed Joisugir the pandemonium lord
 90694 | D:4      | Noticed Vifrugox the pandemonium lord
 90781 | D:$      | Escaped with the Orb!

Illustrated notes

Levels and vault maps discovered:
D:1:      dpeg_arrival_rooms_c, layout_basic,
          hellmonk_ecumenical_altar_lost_god, serial_shops,
          nicolae_shop_behind_doors, corexii_item_surrounded_by_moat,
          nicolae_titane
D:2:      layout_rooms, nicolae_the_louvre, uniq_terence
D:3:      layout_loops_ring, mainiacjoe_overflow_brackets, serial_shops, shop,
          shop, shop_statue, nicolae_shop_tiny_statue_garden,
          nicolae_shop_crystal, minmay_checkerbox
D:4:      layout_gridville, mainiacjoe_overflow_boulevard,
          nicolae_uskayaw_murder_on_the_dancefloor, kennysheep_mini
D:5:      layout_cave_pods, minmay_temple_entry_glass, portal_sewer_entry_b
D:6:      layout_loops_ring, minmay_misc_feat_pillars,
          nicolae_shop_dragon_depot, minivault_14, kennysheep_decorative_pillar,
          minmay_diced_spiral, uniq_sigmund
D:7:      layout_gridville, tgw_sif, serial_shops, shop, shop,
          kennysheep_little_box, shop, shop, hangedman_minor_gate_pass
D:8:      layout_gridville, mainiacjoe_overflow_catch_the_wave
D:9:      layout_basic, nicolae_ru_path_of_blood, erik_lair_orcish_takeover
D:10:     layout_loops_cross, lightli_temple_of_fire, gammafunk_ghost_hive,
          uniq_josephine, uniq_amaemon, uniq_psyche, uniq_joseph
D:11:     layout_loops_corners, serial_shops, shop,
          nicolae_shop_tiny_statue_garden
D:12:     layout_rooms, orc_0_dummy, minmay_misc_feat_five, corner_web_ring
D:13:     layout_basic, uniq_rupert
D:14:     layout_loops_ring, david_vaults_3, serial_park_fountain, serial_shops,
          shop, nicolae_take_the_stairs
D:15:     grunt_enter_depths_giant_problem, layout_stronghold, serial_shops,
          shop
Temple:   nicolae_temple_bog_church
Lair:1:   layout_roguey, serial_bayou_shore_b
Lair:2:   layout_regular_city
Lair:3:   layout_cave_pods, shoals_dummy_entry, guppyfry_snake_entry_island,
          serial_bayou_shore_b, serial_bayou_shore_a, uniq_sonja
Lair:4:   layout_long_grid, slime_entry_1, minivault_23,
          cheibrodos_lair_lostbears
Lair:5:   cheibrodos_lair_end_hotspot, layout_hall_layers,
          portal_ice_cave_entry_ice_simulacra, nicolae_volcano_entry_vermiform,
          infiniplex_staircase_pool_2
Shoals:1: layout_shoals, nicolae_island_escapes, uniq_donald
Shoals:2: layout_shoals, overgrown_tower, nicolae_shoals_drake_roost,
          uniq_ilsuiw, uniq_polyphemus
Shoals:3: layout_shoals
Shoals:4: shoals_end_simple, layout_shoals, shoal_ilsuiw,
          nicolae_shoals_land_atoll, nicolae_shop_self_help
Snake:1:  layout_layer_cave, serial_shops, shop_fountains, serial_bayou_lake_a,
          serial_bayou_shore_b, uniq_azrael, uniq_jorgrun
Snake:2:  layout_chambers, basic_altar, fake_guardian_serpent_vault
Snake:3:  layout_chambers, grunt_megastairs_3, serial_bayou_shore_b, uniq_aizul
Snake:4:  grunt_snake_rune_pools, layout_rooms, uniq_kirke
Orc:1:    layout_diamond_mine, lightli_orcish_oven, uniq_maurice
Orc:2:    grunt_orc_tribal_feast, layout_diamond_mine, serial_shops,
          nicolae_shop_hallway_plus, ebering_ghost_xom, nicolae_alphabet_shops,
          uniq_saint_roka
Elf:1:    elf_arrival_001, layout_gridlike, minmay_elf_demonology
Elf:2:    nicolae_elf_blades_splatter_lattice
          [nicolae_blade_entry_sentries_behind_glass], layout_geoelf_grid,
          grunt_megastairs_1
Elf:3:    minmay_elf_hall_four_x, layout_onion_city, serial_shops,
          bzr_in_the_mist, nicolae_lakefront_shop
Vaults:1: nicolae_vaults_tangram_2, nicolae_vaults_trapezoid_1,
          nicolae_vaults_tetromino_L_2, nicolae_vaults_house_3,
          vaults_standard_mumra_x, nicolae_vaults_storage_room_statues,
          nicolae_vaults_diamond_1, v_misc_9, v_misc_32,
          nicolae_vaults_six-pack, layout_vaults_quadrants, serial_shops,
          nicolae_shop_statue_plus
Vaults:2: v_misc_25, nicolae_vaults_big_angled_halls, nicolae_vaults_theta,
          vaults_room_door_ring, minmay_crypt_entry_nasty_monster,
          nicolae_vaults_double_plus_1, vaults_room_hallway,
          nicolae_vaults_puzzle_piece, nicolae_vaults_wrenched,
          nicolae_vaults_closet_pinwheel_1, nicolae_vaults_network_star,
          nicolae_vaults_security_offices_1, v_alt_pattern_2,
          hangedman_vaults_stream, nicolae_vaults_house_2, v_alt_pattern_4,
          v_misc_8, nicolae_vaults_storage_room_water, layout_vaults_omnibox
Vaults:3: nicolae_vaults_stairing_the_circle, nicolae_vaults_tetromino_Z_1,
          ontoclasm_vaults_decontamination, v_pattern_2,
          vaults_standard_mumra_enter_the_diamond, hangedman_vaults_cutoff,
          vaults_dpeg_diagonal, dpeg_vaults_monster_box,
          ontoclasm_vaults_ligature, nicolae_vaults_little_ls,
          nicolae_vaults_bisected_slash, nicolae_vaults_rhombus_6,
          nicolae_vaults_octothorpe, layout_vaults_omnicross, serial_shops,
          nicolae_shop_behind_doors
Vaults:4: v_misc_10, vaults_mumra_hexcomb, nicolae_vaults_shock_wave,
          vaults_standard_mumra_enter_the_diamond, nicolae_vaults_cochlea,
          nicolae_vaults_mitosis, dpeg_vaults_monster_row,
          nicolae_vaults_doubleplus_tesselated, ontoclasm_vaults_misaligned,
          nicolae_vaults_hexular_roomagon, vaults_dpeg_doors,
          nicolae_vaults_double_plus_3, nicolae_vaults_little_squares_4,
          nicolae_vaults_specimen_jars, nicolae_vaults_diamond_1,
          layout_vaults_ring
Vaults:5
Depths:1: layout_basic, abandoned_shop, hell_entry,
          chequers_serial_rivers_room_a, minmay_shattered_shrine
Depths:2: mu_elephants_graveyard, layout_gridlike, serial_shops, shop_statue,
          grunt_hell_entry_dis_grunt, kennysheep_cross_room,
          rand_demon_pan_entry_4, xom_redecorated, infiniplex_staircase_spiral
Depths:3: minmay_slanted_spiral_squares, layout_cave_pools,
          hangedman_coc_ice_floe, fedhas_altar_fruit_tree,
          nicolae_abyss_entry_one_way_or_another, infiniplex_staircase_x,
          serial_bayou_shore_b
Depths:4: evilmike_zot_entry_argh, layout_cave_shapes, enter_ziggurat_f,
          kiku_gazebo_garden_becter, rand_demon_pan_entry_1, hell_entry,
          nemelex_lonely_heart_becter, minmay_shop_grove
Zot:1:    layout_gridlike
Zot:2:    layout_gridlike, basic_altar, grunt_megastairs_2
Zot:3:    layout_misc_corridors, nzn_ghost_randoct
Zot:4:    layout_onion_interference
Zot:5:    layout_basic

Skill      XL: |  1  2  3  4  5  6  7  8  9 10 11 12 13 14 15 16 17 18 19 20 21 22 23 24 25 26 27 |
---------------+----------------------------------------------------------------------------------+-----
Fighting       | 3 4 5 6 7 8 10 12 15 16 20 23 26 | 26.0
Dodging        | 3 4 5 7 11 13 16 17 21 25 | 25.8
Ranged Weapons | 6 8 10 12 15 18 19 | 19.0
Invocations    | 4 8 10 14 | 14.0
Stealth        | 2 6 7 12 | 12.0
Evocations     | 2 8 14 17 18 | 18.0
Spellcasting   | 4 8 9 11 12 13 16 | 16.0
Short Blades   | 3 4 5 10 | 10.0
Air Magic      | 6 7 10 12 | 12.0
Fire Magic     | 8 10 12 | 12.0
Hexes          | 4 5 |  5.0
Armour         | 2 4 |  4.0

Action                     |  1- 3 |  4- 6 |  7- 9 | 10-12 | 13-15 | 16-18 | 19-21 | 22-24 | 25-27 || total
---------------------------+-------+-------+-------+-------+-------+-------+-------+-------+-------++-------
  Melee: Dagger            |       |       |       |    18 |     3 |       |       |       |       ||    21
         Knife             |       |       |       |       |       |       |       |       |    11 ||    11
         Arbalest          |       |       |       |       |       |       |       |       |     3 ||     3
   Fire: Shortbow          |    99 |   121 |   359 |   552 |  1344 |   264 |       |       |       ||  2739
         Arbalest          |       |       |       |       |       |   724 |   930 |   998 |  1080 ||  3732
   Cast: Passwall          |       |       |     2 |     2 |       |       |       |       |       ||     4
         Swiftness         |       |       |       |       |     9 |     3 |     2 |     4 |     1 ||    19
         Inner Flame       |       |       |       |       |    16 |     6 |    28 |     9 |     7 ||    66
         Summon Lightning  |       |       |       |       |       |     3 |       |     6 |       ||     9
         Plasma Beam       |       |       |       |       |       |       |     5 |       |       ||     5
         Ensorcelled Hiber |       |       |       |       |       |       |       |       |     1 ||     1
 Invoke: Ancestor Identity |     1 |       |       |       |       |       |       |       |       ||     1
         Ancestor Life: Kn |       |     1 |       |       |       |       |       |       |       ||     1
         Recall Ancestor   |       |       |     1 |       |    17 |     6 |    11 |    12 |    12 ||    59
         Idealise          |       |       |       |     4 |    10 |     9 |     9 |    10 |     9 ||    51
         Transference      |       |       |       |       |     1 |     1 |     1 |     4 |     1 ||     8
  Evoke: Wand              |       |       |       |    10 |    13 |    14 |     8 |       |    23 ||    68
         Phial of floods   |       |       |       |       |     1 |       |       |     1 |       ||     2
         Piece from Xom's  |       |       |       |       |       |     1 |       |     1 |     8 ||    10
         Box of beasts     |       |       |       |       |       |       |       |     1 |     2 ||     3
         Phantom mirror    |       |       |       |       |       |       |       |     1 |     2 ||     3
         Tin of tremorston |       |       |       |       |       |       |       |       |     3 ||     3
    Use: Scroll            |       |     4 |     9 |    13 |    13 |    14 |     8 |    10 |    16 ||    87
         Potion            |       |       |     1 |     2 |     3 |     7 |       |     7 |     8 ||    28
   Stab: Paralysed         |       |       |       |    17 |     3 |       |       |       |       ||    20
         Sleeping          |       |       |       |     1 |       |       |       |       |    10 ||    11
 Armour: Leather armour    |     8 |     7 |    24 |    43 |   112 |    46 |    76 |    65 |    90 ||   471
         Robe              |       |       |       |       |       |    32 |       |       |       ||    32
  Dodge: Dodged            |    29 |    29 |    89 |   288 |   622 |   451 |   445 |   476 |   613 ||  3042
  Block: Other             |       |       |       |       |       |       |     9 |    26 |     3 ||    38

Table legend: (Time is in decaauts)
 A = Elapsed time spent in this place.
 B = Non-inter-level travel time spent in this place.
 C = Inter-level travel time spent in this place.
 D = Time resting spent in this place.
 E = Time spent auto-exploring this place.
 F = Levels seen in this place.
 G = Mean time per level.
                   A        B        C        D        E       F      G
               +--------+--------+--------+--------+--------+-----+--------+
         Total |  91019 |  80705 |  10314 |  23762 |  20919 |  51 | 1784.7 |
       Dungeon |  20793 |  16462 |   4331 |   2515 |   5672 |  15 | 1386.2 |
        Temple |    288 |    288 |      0 |      0 |    264 |   1 |  288.0 |
          Lair |  10672 |   9272 |   1400 |   2161 |   2047 |   5 | 2134.4 |
        Shoals |   6451 |   6266 |    185 |   1100 |   3825 |   4 | 1612.8 |
     Snake Pit |   8635 |   8025 |    610 |   3147 |   2075 |   4 | 2158.8 |
  Orcish Mines |   3193 |   2434 |    759 |    571 |    457 |   2 | 1596.5 |
   Elven Halls |   5596 |   5209 |    387 |   1399 |    572 |   3 | 1865.3 |
        Vaults |  13149 |  11912 |   1237 |   4157 |   3427 |   5 | 2629.8 |
        Depths |   7685 |   7159 |    526 |   2467 |   1569 |   4 | 1921.2 |
           Zot |  13010 |  12133 |    877 |   6004 |    654 |   5 | 2602.0 |
        Bazaar |     80 |     80 |      0 |      0 |     55 |   1 |   80.0 |
         Sewer |    475 |    475 |      0 |      2 |    114 |   1 |  475.0 |
      Ice Cave |    985 |    985 |      0 |    236 |    186 |   1 |  985.0 |
               +--------+--------+--------+--------+--------+-----+--------+

Top non-repeatable levels by time:
Vaults:4: 3899 daAuts
   Zot:5: 3430 daAuts
  Lair:5: 3117 daAuts
   Zot:2: 3097 daAuts
Vaults:5: 3089 daAuts
 Snake:4: 2736 daAuts
   Zot:4: 2699 daAuts
   Elf:3: 2678 daAuts
  Lair:4: 2502 daAuts
    D:15: 2449 daAuts
Vaults:2: 2357 daAuts
   Orc:2: 2357 daAuts
Depths:4: 2197 daAuts
Depths:2: 2160 daAuts
  Lair:3: 2141 daAuts
